 Dungeon Crawl Stone Soup version 0.27.1-3-gb3d3a73c9e (webtiles) character file.

Game seed: 15013969044171147555

5 belegose the Skirmisher (level 1, -3/22 HPs)
             Began as a Troll Abyssal Knight on Oct 29, 2021.
             Was an Initiate of Lugonu.
             Slain by a gnoll (9 damage)
             ... on level 1 of the Dungeon.
             The game lasted 00:01:25 (223 turns).

belegose the Skirmisher (Troll Abyssal Knight)       Turns: 223, Time: 00:01:26

Health: -3/22      AC:  4    Str: 19    XL:     1   Next: 66%
Magic:  1/1        EV:  9    Int:  8    God:    Lugonu [......]
Gold:   17         SH:  0    Dex:  9    Spells: 0/0 levels left

rFire    . . .     SeeInvis .   a - +1 mace
rCold    . . .     Faith    .   (no shield)
rNeg     . . .     Spirit   .   b - +0 robe
rPois    .         Reflect  .   (helmet restricted)
rElec    .         Harm     .   (no cloak)
rCorr    .         Rampage  .   (gloves unavailable)
Will     .....                  (boots unavailable)
Stlth    +.........             c - amulet of the acrobat
HPRegen  1.07/turn              (no ring)
MPRegen  0.07/turn              (no ring)

@: no status effects
A: large, unfitting armour, claws 3, regeneration 1, shaggy fur 1, tough skin 1
a: Renounce Religion


You were on level 1 of the Dungeon.
You worshipped Lugonu.
Lugonu was noncommittal.
You visited 1 branch of the dungeon, and saw 1 of its levels.
You visited the Abyss 1 time.

You collected 17 gold pieces.

Inventory:

Hand Weapons
 a - a +1 mace (weapon)
Missiles
 e - 17 stones
Armour
 b - a +0 robe (worn)
Jewellery
 c - an amulet of the acrobat (around neck)
Scrolls
 d - a scroll of identify {unknown}


   Skills:
 + Level 2.5 Fighting
 + Level 1.9 Maces & Flails
 + Level 0.2 Throwing
 - Level 1.9 Dodging
 + Level 1.7 Invocations


You couldn't memorise any spells.
You didn't know any spells.
Your spell library was empty.

Dungeon Overview and Level Annotations

Branches:
Dungeon (1/15)

Altars:


Innate Abilities, Weirdness & Mutations

You are too large for most types of armour.
You have claws for hands.
Your natural rate of healing is unusually fast.
You are covered in fur. (AC +1)
You have tough skin. (AC +1)


Message History

You sock the ball python!
You kill the ball python!
Lugonu accepts your kill.
You open the door.
A gnoll and a kobold come into view.
The kobold shouts!
The gnoll shouts!
The kobold throws a stone.
The stone barely misses you.
The kobold throws a stone.
The stone completely misses you.
The kobold hits you with a +0 short sword.
You closely miss the kobold. The kobold hits you but does no damage.
You miss the kobold.
The kobold hits you with a +0 short sword.
You barely miss the kobold.
The kobold hits you with a +0 short sword.
The kobold hits you but does no damage.
You closely miss the kobold. The kobold barely misses you.
You closely miss the kobold.
The kobold hits you with a +0 short sword.
You closely miss the kobold.
The kobold hits you with a +0 short sword.
You hit the kobold.
You kill the kobold!
Lugonu accepts your kill.
You hit the gnoll.
The gnoll is heavily wounded.
The gnoll hits you with a +0 whip.
You barely miss the gnoll.
The gnoll is heavily wounded.
The gnoll barely misses you.
You barely miss the gnoll.
The gnoll is heavily wounded.
The gnoll hits you with a +0 whip. x2
You hit the gnoll.
The gnoll is severely wounded.
The gnoll hits you with a +0 whip!
* * * LOW HITPOINT WARNING * * *
You hit the gnoll.
The gnoll is almost dead.
The gnoll hits you with a +0 whip!
You die...

#.# #.# # ... #### #+
#.# #... ... #.# #.##
.... ##.# #.## .....
##..### #.##
......####.....######.#.
......g@...###.........)
......####.# #.######.#.
..... #.###.# #... ....
#.....# ###. ... ##.####
#. ## #.# #. #.# .. #.#
#. ##.# #.


You could see a gnoll.

Vanquished Creatures
  A ball python (D:1)
  An endoplasm (D:1)
  A goblin (D:1)
  A kobold (D:1)
4 creatures vanquished.

Notes
Turn   | Place    | Note
-------+----------+-------------------------------------------
     0 | Abyss:1  | belegose the Troll Abyssal Knight began the quest for the
                  | Orb.
     0 | Abyss:1  | Reached XP level 1. HP: 22/22 MP: 1/1
    42 | Abyss:1  | Noticed a smoke demon
    82 | Abyss:2  | Noticed a guardian serpent
    84 | D:1      | Escaped the Abyss
   105 | D:1      | Noticed a rime drake
   105 | D:1      | Noticed a polar bear
   105 | D:1      | Noticed a water moccasin
   105 | D:1      | Noticed a lindwurm
   105 | D:1      | Noticed a hound
   223 | D:1      | Slain by a gnoll

Illustrated notes

Levels and vault maps discovered:
D:1:      onia_arrival_zoo_common, layout_loops_corners, minmay_misc_feat_doors,
          lexackson_kobold_supper

Action                   || total
-------------------------++-------
Melee: Mace              ||    23
Invok: Depart the Abyss  ||     1
Armor: Robe              ||     6
Dodge: Dodged            ||    11
